 Dungeon Crawl Stone Soup version 0.31-a0-202-g547052bce9 (webtiles) character file.

Game seed: 4400446634806969250

28 qw the Shooter (level 2, 0/16 HPs)
             Began as a Deep Elf Hunter on June 26, 2023.
             Succumbed to their own poison gas
             ... on level 1 of the Dungeon.
             The game lasted 00:00:17 (553 turns).

qw the Shooter (Deep Elf Hunter)                     Turns: 553, Time: 00:00:18

Health: 0/16       AC:  8    Str:  8    XL:     2   Next: 96%
Magic:  4/4        EV: 10    Int: 13    God:
Gold:   74         SH:  0    Dex: 18    Spells: 1/1 levels left

rFire   . . .        Y - +1 shortbow
rCold   . . .        (shield currently unavailable)
rNeg    . . .        f - +0 ring mail
rPois   .            (no helmet)
rElec   .            i - +2 cloak
rCorr   .            (no gloves)
SInv    .            (no boots)
Will    .....        (no amulet)
Stlth   +            (no ring)
HPRegen 0.22/turn    (no ring)
MPRegen 0.09/turn

%: no passive effects
@: lethally poisoned (0 -> -3)
A: no striking features
a: no special abilities


You were on level 1 of the Dungeon.
You visited 1 branch of the dungeon, and saw 1 of its levels.

You collected 74 gold pieces.


   Skills:
 - Level 1.5 Fighting
 + Level 6.6 Ranged Weapons
 - Level 2.4 Dodging
 - Level 1.2 Stealth


You had one spell level left.
You didn't know any spells.
Your spell library was empty.

Inventory:

Hand Weapons
 Y - a +1 shortbow (weapon)
Armour
 f - a +0 ring mail (worn)
 i - a +2 cloak (worn)
Potions
 e - a potion of degeneration {unknown}
 h - a potion of curing {unknown}

Dungeon Overview and Level Annotations

Branches:
Dungeon (1/15)

Altars:


Message History

It is a scroll of enchant weapon.
Your +0 shortbow glows red for a moment.
Done exploring.
545 ||| READING scroll labelled ANOYSHR QYTONT.
The air fills with toxic fumes!
As you read the scroll labelled ANOYSHR QYTONT, it crumbles to dust.
It was a scroll of poison.
Done exploring.
546 ||| DROPPING scroll of butterflies.
You drop a scroll of butterflies.
Done exploring.
(D) Dungeon
Where to? (* - list waypoints, ? - help)
What level of the Dungeon? (default 1, ? - help) Sorry, I don't know how to get there.
Enter note:
Enter note:
Enter note:
Enter note:
Enter note:
Enter note:
Enter note:
Enter note:
Enter note: Really walk into that cloud of poison gas?
You are engulfed in poison gas.
You are poisoned.
You feel very sick.
548 ||| Stepping ~*~*~tactically~*~*~ (cloud).
You feel very sick.
Things that are here:
a scroll of butterflies; a +0 leather armour
There is a lethal amount of poison in your body!
You feel sick.
There is a lethal amount of poison in your body!
You feel sick.
There is a lethal amount of poison in your body!
You feel sick.
There is a lethal amount of poison in your body!
You feel sick.
There is a lethal amount of poison in your body!
You die...

#.# #..###.#...#
##### ##..###.. #.#
#.###..##0.###
#...###..
#.####.###.###¤...##
###.#......
#.##.......# #¤##..#
#...#####..
#.##.....### #¤###.#
#.### ### ..##.....#
#0¤##.####.#
...#.....#
##0##..##..#
...#.....#
####0###....##
...#.....#
#¤¤0¤@¤######
...#.....# #¤¤¤¤¤¤#
...#.....# #00¤¤¤¤#
####.....# #0¤¤¤0¤#
####### ########


There were no monsters in sight!

Vanquished Creatures
  3 dart slugs (D:1)
  3 endoplasms (D:1)
  A giant cockroach (D:1)
  A goblin (D:1)
  2 hobgoblins (D:1)
  A kobold (D:1)
  2 quokkas (D:1)
  2 ball pythons (D:1)
  3 bats (D:1)
  A frilled lizard (D:1)
  A rat (D:1)
20 creatures vanquished.

Notes
Turn   | Place    | Note
-------+----------+-------------------------------------------
     0 | D:1      | qw the Deep Elf Hunter began the quest for the Orb.
     0 | D:1      | Reached XP level 1. HP: 12/12 MP: 3/3
     0 | D:1      | 0 ||| qw: Version: 0.3-a-22-g0ed2b0b
     0 | D:1      | 0 ||| qw: Game counter: 6217
     0 | D:1      | 0 ||| qw: Melee chars always use a shield: true
     0 | D:1      | 0 ||| qw: God list: Okawaru
     0 | D:1      | 0 ||| qw: Allow faded altars: false
     0 | D:1      | 0 ||| qw: Do Orc after clearing Dungeon:15 true
     0 | D:1      | 0 ||| qw: Do second Lair branch before Depths: true
     0 | D:1      | 0 ||| qw: Lair rune preference: random
     0 | D:1      | 0 ||| qw: Goals: Normal
     0 | D:1      | 0 ||| PLANNING D:1-11
   128 | D:1      | Reached skill level 6 in Ranged Weapons
   128 | D:1      | Reached XP level 2. HP: 9/16 MP: 4/4
   370 | D:1      | 370 ||| FLEEEEING.
   371 | D:1      | 371 ||| FLEEEEING.
   372 | D:1      | 372 ||| FLEEEEING.
   528 | D:1      | 528 ||| UPGRADING to +0 ring mail.
   538 | D:1      | 538 ||| DROPPING +0 leather armour.
   539 | D:1      | 539 ||| UPGRADING to +2 cloak.
   544 | D:1      | 544 ||| READING scroll labelled VUASHR KAONEO.
   545 | D:1      | 545 ||| READING scroll labelled ANOYSHR QYTONT.
   546 | D:1      | 546 ||| DROPPING scroll of butterflies.
   548 | D:1      | 548 ||| Stepping ~*~*~tactically~*~*~ (cloud).
   549 | D:1      | HP: 4/16 [poisoned by you (poison gas)]
   551 | D:1      | HP: 1/16 [poisoned by you (poison gas)]
   553 | D:1      | Succumbed to their own poison gas

Levels and vault maps discovered:
D:1:      wander_arrival_desolate, layout_rooms, minmay_tetromino_i4

Skill      XL: |  1 |
---------------+----+-----
Ranged Weapons | 6 |  6.6
Fighting       | |  1.5
Dodging        | |  2.4
Stealth        | |  1.2

Action                     || total
---------------------------++-------
   Fire: Shortbow          ||    53
    Use: Scroll            ||     2
 Armour: Leather armour    ||     7
  Dodge: Dodged            ||    14

Table legend:
 A = Non-vault XP
 B = Vault XP
 C = Vault XP percentage of total XP
 D = Non-vault monster count
 E = Vault monster count
 F = Vault count percentage of total count
                 A         B        C        D         E       F
            +---------+---------+-------+---------+---------+-------
      Total |      36 |       4 |  10.0 |      17 |       3 |  15.0
            +---------+---------+-------+---------+---------+-------
        D:1 |      36 |       4 |  10.0 |      17 |       3 |  15.0
            +---------+---------+-------+---------+---------+-------
